 Dungeon Crawl Stone Soup version 0.29-a0-194-g6e3aafee17 (webtiles) character file.

Game seed: 693669495832740703

5 bladeefan the Skirmisher (level 1, -30/18 HPs)
             Began as a Demonspawn Chaos Knight on Feb 22, 2022.
             Was a Plaything of Xom.
             Annihilated by a spark wasp (glowing shapeshifter) (38 damage)
             ... on level 1 of the Dungeon.
             The game lasted 00:00:42 (32 turns).

bladeefan the Skirmisher (Demonspawn Chaos Knight)    Turns: 32, Time: 00:00:44

Health: -30/18     AC:  5    Str: 12    XL:     1   Next: 66%
Magic:  1/1        EV: 11    Int: 13    God:    Xom [..*...]
Gold:   0          SH:  0    Dex: 12    Spells: 0/0 levels left

rFire   . . .      SeeInvis .   a - +0 mace (chaos)
rCold   . . .      Faith    .   (no shield)
rNeg    . . .      Spirit   .   b - +2 leather armour
rPois   .          Reflect  .   (no helmet)
rElec   .          Harm     .   (no cloak)
rCorr   .          Rampage  .   (no gloves)
Will    .....                   (no boots)
Stlth   +.........              (no amulet)
HPRegen 0.06/turn               (no ring)
MPRegen 0.07/turn               (no ring)

@: no status effects
A: no striking features
a: Renounce Religion


You were on level 1 of the Dungeon.
You worshipped Xom.
You were a toy of Xom.
You visited 1 branch of the dungeon, and saw 1 of its levels.

Inventory:

Hand Weapons
 a - a +0 mace of chaos (weapon)
Armour
 b - a +2 leather armour (worn)


   Skills:
 + Level 3.0 Fighting
 * Level 2.8 Maces & Flails
 + Level 1.9 Armour
 + Level 1.0 Dodging


You couldn't memorise any spells.
You didn't know any spells.
Your spell library was empty.

Dungeon Overview and Level Annotations

Branches:
Dungeon (1/15)

Altars:


Message History

You hit the bat.
You kill the bat!
A bat comes into view.
You closely miss the quokka.
The quokka bites you but does no damage.
You hit the quokka. You drain the quokka.
You kill the quokka!
A bat comes into view.
The bat barely misses you.
Your Dodging skill increases to level 1!
You hit the bat.
You kill the bat!
An endoplasm comes into view.
The bat closely misses you.
You see here a bat corpse.
The bat closely misses you.
Found 16 stones.
The endoplasm quivers.
The bat hits you but does no damage. The bat barely misses you.
The endoplasm hits you but does no damage.
You hit the endoplasm. You freeze the endoplasm.
You kill the endoplasm!
The bat closely misses you. The bat misses you.
You barely miss the bat. The bat misses you. The bat barely misses you.
You barely miss the bat. The bat hits you but does no damage.
The bat hits you but does no damage.
You hit the bat.
The bat changes into a glowing shapeshifter!
The glowing shapeshifter changes into a sea snake!
You hit the sea snake. You burn the sea snake.
The sea snake changes into a faun!
You sock the faun! You burn the faun. The faun barely misses you.
You closely miss the faun. The faun completely misses you.
You completely miss the faun.
The faun changes into an anaconda!
You closely miss the anaconda.
The anaconda changes into a fire dragon!
You barely miss the fire dragon. The fire dragon bites you!
The fire dragon claws you.
* * * LOW HITPOINT WARNING * * *
The fire dragon tramples you.
* * * LOW HITPOINT WARNING * * *
You stumble backwards!
You barely miss the fire dragon.
The fire dragon changes into a spark wasp!
You hit the spark wasp but do no damage.
The spark wasp goes berserk!
The spark wasp stings you!!!
Ouch! That really hurt!
You die...
Xom bursts into laughter!

#+# #......(. #.#
#........ ###.###
#........ #..<..#
#........
######.########........
+.............+.........
####.#####.####.........
#.#####.###.@........
.........'†.#y.......
####.######.#........ ..
#.+........ ##
#.#........ ..###+#....
### ...# ..# .#


You could see a spark wasp shaped shifter (berserk).

Vanquished Creatures
  2 bats (D:1)
  An endoplasm (D:1)
  A quokka (D:1)
4 creatures vanquished.

Notes
Turn   | Place    | Note
-------+----------+-------------------------------------------
     0 | D:1      | bladeefan the Demonspawn Chaos Knight began the quest for
                  | the Orb.
     0 | D:1      | Reached XP level 1. HP: 18/18 MP: 1/1
    15 | D:1      | Reached skill level 1 in Dodging
    24 | D:1      | Noticed a glowing shapeshifter
    24 | D:1      | a bat changed into a glowing shapeshifter
    24 | D:1      | Noticed a sea snake
    24 | D:1      | a glowing shapeshifter changed into a sea snake
    25 | D:1      | Noticed a faun
    25 | D:1      | a sea snake changed into a faun
    28 | D:1      | Noticed an anaconda
    28 | D:1      | a faun changed into an anaconda
    29 | D:1      | Noticed a fire dragon
    29 | D:1      | an anaconda changed into a fire dragon
    31 | D:1      | Noticed a spark wasp
    31 | D:1      | a fire dragon changed into a spark wasp
    32 | D:1      | Annihilated by a spark wasp (glowing shapeshifter)

Illustrated notes

Levels and vault maps discovered:
D:1:      shiori_shiawase, layout_basic, serial_shops, nicolae_diamond_shop

Skill      XL: |  1 |
---------------+----+-----
Dodging        | 1 |  1.0
Fighting       | |  3.0
Maces & Flails | |  2.8
Armour         | |  1.9

Action                   || total
-------------------------++-------
Melee: Mace              ||    16
Armor: Leather armour    ||     5
Dodge: Dodged            ||    12

Table legend: (Time is in decaauts)
 A = Elapsed time spent in this place.
 B = Non-inter-level travel time spent in this place.
 C = Inter-level travel time spent in this place.
 D = Time resting spent in this place.
 E = Time spent auto-exploring this place.
 F = Levels seen in this place.
 G = Mean time per level.
                   A        B        C        D        E       F      G
               +--------+--------+--------+--------+--------+-----+--------+
         Total |     34 |     34 |      0 |      0 |      8 |   1 |   34.0 |
       Dungeon |     34 |     34 |      0 |      0 |      8 |   1 |   34.0 |
               +--------+--------+--------+--------+--------+-----+--------+

Top non-repeatable levels by time:
     D:1: 34 daAuts
